 Dungeon Crawl Stone Soup version 0.29-a0-409-gd843f3a48c (webtiles) character file.

Game seed: 10749652485318297227

12751 bande the Cleaver (level 11, -31/102 HPs)
             Began as a Gargoyle Fighter on May 14, 2022.
             Was a High Priest of Okawaru.
             Annihilated by a death yak simulacrum (35 damage)
             ... on level 1 of the Lair of Beasts.
             The game lasted 00:29:35 (13448 turns).

bande the Cleaver (Gargoyle Fighter)               Turns: 13448, Time: 00:29:35

Health: -31/102    AC: 27    Str: 19    XL:     11   Next: 98%
Magic:  16/16      EV:  7    Int: 10    God:    Okawaru [*****.]
Gold:   709        SH:  9    Dex: 19    Spells: 10/10 levels left

rFire   + . .      SeeInvis .   y - +0 war axe (vorpal)
rCold   . . .      Faith    .   r - +2 buckler
rNeg    + . .      Spirit   .   n - +2 chain mail {rPois}
rPois   ∞          Reflect  .   b - +2 helmet
rElec   +          Harm     .   z - +2 cloak {Stlth+}
rCorr   .          Rampage  .   (no gloves)
Will    .....                   (no boots)
Stlth   ..........              s - amulet of regeneration
HPRegen 1.07/turn               o - ring of protection from fire
MPRegen 0.15/turn               p - +6 ring of dexterity

@: berserking, very quick
A: sickness immunity, AC +8, negative energy resistance 1, electricity
resistance, torment resistance 1, petrification resistance
a: Renounce Religion, Heroism, Finesse, Duel


You were on level 1 of the Lair of Beasts.
You worshipped Okawaru.
Okawaru was extremely pleased with you.
You visited 3 branches of the dungeon, and saw 12 of its levels.

You collected 722 gold pieces.
You spent 13 gold pieces at shops.

Inventory:

Hand Weapons
 a - a +1 war axe
 w - a +0 mace of draining
 y - a +0 vorpal war axe (weapon)
Missiles
 f - 3 throwing nets (quivered)
Armour
 b - a +2 helmet (worn)
 l - a +0 helmet
 n - a +2 chain mail of poison resistance (worn)
 r - a +2 buckler (worn)
 z - a +2 cloak of stealth (worn)
Jewellery
 o - a ring of protection from fire (left hand)
 p - a +6 ring of dexterity (right hand)
 s - an amulet of regeneration (around neck)
Wands
 c - a wand of polymorph (7)
 x - a wand of iceblast (10)
 A - a wand of flame (23)
Scrolls
 i - 2 scrolls of fog
 j - 7 scrolls of teleportation
 q - a scroll of blinking
Potions
 d - a potion of might
 e - 2 potions of cancellation
 h - 6 potions of curing
 k - a potion of ambrosia
 m - 2 potions of haste
 t - 3 potions of heal wounds
 u - 2 potions of flight
 v - 2 potions of brilliance
 B - a potion of magic {unknown}
Miscellaneous
 C - a phantom mirror
 D - a lightning rod (4/4)


   Skills:
 + Level 7.9 Fighting
 + Level 10.8 Axes
 + Level 8.2 Armour
 - Level 0.3 Dodging
 + Level 7.9 Shields
 * Level 6.7 Invocations
 * Level 6.5 Evocations


You had 10 spell levels left.
You didn't know any spells.
Your spell library contained the following spells:

 Spells                   Type           Power      Damage    Failure   Level
 Petrify                  Tmut/Erth      0%         N/A       100%        4
 Irradiate                Conj/Tmut      0%         3d13      100%        5
 Sublimation of Blood     Necr           Unusable   N/A       N/A         2

Dungeon Overview and Level Annotations

Branches:
Dungeon (10/15)            Temple (1/1) D:6            Lair (1/6) D:10
    Orc (0/2) D:10

Altars:
Ashenzari
Cheibriados
Dithmenos
Elyvilon
Fedhas
Gozag
Hepliaklqana
Kikubaaqudgha
Makhleb
Nemelex Xobeh
Okawaru
Qazlal
Ru
Sif Muna
Trog
Uskayaw
Vehumet
Wu Jian
Xom
Yredelemnul
Zin
The Shining One

Shops:
D:3 !=(

Annotations:
Lair:1 Gainor's ghost, novice HuMo


Innate Abilities, Weirdness & Mutations

You are immune to sickness and miasma.
Your stone body is resilient. (AC +8)
You are immune to poison.
You resist negative energy. (rN+)
You are resistant to electric shocks. (rElec)
You are resistant to unholy torment.
You are immune to petrification.


Message History

The spectral torpor snail bites you.
* * * LOW HITPOINT WARNING * * *
You climb upwards.
Welcome back to the Dungeon!
There is a staircase to the Lair here.
You start resting.
You start resting.
HP restored.
You start waiting.
You start waiting.
You start waiting.
There is a staircase to the Lair here.
Okay, then.
You climb downwards.
Welcome back to the Lair of Beasts!
Level annotation: Gainor's ghost, novice HuMo You block the spectral komodo dragon's attack.
The death yak simulacrum gores you but does no damage.
The death yak simulacrum gores you. The death yak simulacrum freezes you!
The spectral torpor snail bites you!
The spectral komodo dragon closely misses you.
The death yak simulacrum gores you but does no damage.
There is a staircase back to the Dungeon here.
A red film seems to cover your vision as you go berserk!
You feel yourself moving faster!
You feel mighty!
You block the spectral cane toad's attack.
The death yak simulacrum closely misses you.
The spectral torpor snail bites you!
The spectral komodo dragon bites you but does no damage.
Unknown command.
You slash the spectral komodo dragon!
The spectral komodo dragon is moderately damaged.
You hit the spectral torpor snail but do no damage.
You slash the spectral cane toad! You hit the death yak simulacrum.
You slash the death yak simulacrum!
The spectral cane toad barely misses you.
The death yak simulacrum gores you. The death yak simulacrum freezes you!!!
* * * LOW HITPOINT WARNING * * *
The death yak simulacrum gores you!
* * * LOW HITPOINT WARNING * * *
The death yak simulacrum freezes you!!
You die...

#..#.............................
....'###..P#.........###P.#.##...
.....................# ##.####...
#.............P#+#...# #.# ##...
.#.########......#...# #.# #P...
.#.# #...#..#...# #.# ##... ...##
##...#..#...## #.# #... .#.P#
#....#ZZ#....###.## #... .#..#
##...#Z@#...###...###... ...##
#...#ZZ#...####..[##... ....#
#...#..#............... ...##
#..)...#...............
....#######...#..#.#########.....
..............#..#.#..#.#..#.....
...####.......#..#.##.??!.##.....
.#....#......Z#..#.#.......#.....
.#...........Z####.##.....##."...


You could see a spectral komodo dragon, a spectral cane toad, a spectral torpor
snail and 2 death yak simulacra.

Vanquished Creatures
  Amaemon (D:9)
  An orange demon (D:9)
  A cane toad (Lair:1)
  A kobold demonologist (D:10)
  Psyche (D:8)
  4 blink frogs (Lair:1)
  A hornet (D:10)
  3 trolls
  A shadow (D:10)
  14 yaks
  A wyvern (D:10)
  2 basilisks (D:10)
  A steam dragon (D:8)
  4 vampire mosquitoes (D:6)
  An acid dragon (D:10)
  9 water moccasins
  2 black bears (D:6)
  3 ice beasts
  7 orc warriors
  9 ogres
  8 wolves (Lair:1)
  2 centaurs (D:8)
  2 phantoms
  5 kobold brigands
  3 necrophages
  2 gnoll sergeants (D:10)
  3 scorpions (D:5)
  4 bullfrogs
  8 killer bees
  4 howler monkeys
  4 hounds
  2 jellies (D:6)
  Crazy Yiuf (D:7)
  3 orc priests
  2 gnoll shamans
  2 iguanas
  6 orc wizards
  Robin (D:2)
  14 gnolls
  11 adders
  2 shadow imps (D:6)
  2 white imps
  An ufetubus (D:7)
  A worm (D:2)
  A dart slug (D:1)
  32 orcs
  14 ball pythons
  4 bats
  4 endoplasms
  11 goblins
  7 hobgoblins
  5 jackals
  3 quokkas
  A frilled lizard (D:3)
  13 kobolds
  7 rats
  A bush (D:10)
263 creatures vanquished.

Vanquished Creatures (others)
  5 fungi
  23 plants
28 creatures vanquished.

Grand Total: 291 creatures vanquished

Notes
Turn   | Place    | Note
-------+----------+-------------------------------------------
     0 | D:1      | bande the Gargoyle Fighter began the quest for the Orb.
     0 | D:1      | Reached XP level 1. HP: 14/14 MP: 1/1
    60 | D:1      | Reached XP level 2. HP: 8/19 MP: 2/2
   463 | D:1      | Reached skill level 2 in Axes
   859 | D:2      | Reached XP level 3. HP: 23/23 MP: 3/3
  1066 | D:2      | Noticed Robin
  1086 | D:2      | Reached XP level 4. HP: 11/29 MP: 4/4
  1090 | D:2      | Killed Robin
  1798 | D:3      | Found Putzutid's Distillery.
  1798 | D:3      | Found Oxasesul's Jewellery Shop.
  1802 | D:3      | Bought a potion of degeneration for 13 gold pieces
  1848 | D:3      | Found a faded altar of an unknown god.
  1864 | D:3      | Reached skill level 3 in Axes
  1895 | D:3      | Reached XP level 5. HP: 25/33 MP: 5/5
  2050 | D:3      | Found Xigowkac's Antique Weapon Shop.
  2566 | D:4      | Noticed an ogre
  2575 | D:4      | Killed an ogre
  2576 | D:4      | Reached skill level 4 in Axes
  2576 | D:4      | Reached XP level 6. HP: 10/38 MP: 6/6
  2934 | D:4      | Identified the +0 leather armour "Dapsoma" {Drain *Slow
                  | Str+8}
  3234 | D:5      | Entered Level 5 of the Dungeon
  3388 | D:5      | Reached XP level 7. HP: 42/44 MP: 7/7
  3431 | D:5      | Reached skill level 5 in Axes
  3539 | D:5      | Reached skill level 1 in Evocations
  3610 | D:5      | Reached skill level 5 in Armour
  3844 | D:5      | Reached XP level 8. HP: 5/48 MP: 8/8
  4254 | D:5      | Found a stormy altar of Qazlal.
  4257 | D:5      | Found a sparkling altar of Nemelex Xobeh.
  4261 | D:5      | Found a hide-covered altar of Uskayaw.
  4471 | D:6      | Reached skill level 5 in Fighting
  4471 | D:6      | Reached skill level 6 in Axes
  4640 | D:6      | Reached skill level 5 in Shields
  4652 | D:6      | Found a shimmering altar of Xom.
  4785 | D:6      | Reached skill level 7 in Axes
  5154 | D:6      | Found a staircase to the Ecumenical Temple.
  5166 | Temple   | Entered the Ecumenical Temple
  5273 | Temple   | Became a worshipper of Warmaster Okawaru
  5331 | D:6      | Reached XP level 9. HP: 54/54 MP: 9/9
  5650 | D:7      | Reached skill level 1 in Invocations
  5665 | D:7      | Found a runed translucent door.
  5666 | D:7      | Noticed Crazy Yiuf
  5746 | D:7      | Found a white marble altar of Elyvilon.
  6065 | D:6      | Reached * piety under Okawaru
  7307 | D:7      | Reached skill level 8 in Axes
  7831 | D:7      | Killed Crazy Yiuf
  7954 | D:8      | Noticed Psyche
  7975 | D:8      | Paralysed by Psyche for 4 turns
  8016 | D:8      | Killed Psyche
  8016 | D:8      | Reached ** piety under Okawaru
  8017 | D:8      | Reached XP level 10. HP: 57/60 MP: 12/12
  8526 | D:9      | Noticed Amaemon
  8529 | D:9      | Noticed an orange demon
  8804 | D:9      | Killed Amaemon
  8804 | D:9      | Reached *** piety under Okawaru
  8815 | D:9      | Killed an orange demon
  8816 | D:9      | Reached skill level 9 in Axes
  9049 | D:9      | Reached skill level 5 in Evocations
  9868 | D:10     | Entered Level 10 of the Dungeon
 10022 | D:9      | Reached **** piety under Okawaru
 10023 | D:9      | Reached skill level 5 in Invocations
 10260 | D:10     | Reached XP level 11. HP: 66/66 MP: 14/14
 10379 | D:10     | Found a shadowy altar of Dithmenos.
 10430 | D:10     | Reached ***** piety under Okawaru
 10445 | D:10     | Reached skill level 10 in Axes
 10456 | D:10     | Found a staircase to the Lair.
 11169 | D:10     | Found a staircase to the Orcish Mines.
 11616 | D:10     | Identified the +6 lajatang "Cuts" {vorpal, Str+3} (Okawaru
                  | gifted it to you on level 10 of the Dungeon)
 11616 | D:10     | Received a gift from Okawaru
 11785 | Lair:1   | Entered Level 1 of the Lair of Beasts
 12135 | Lair:1   | Found a runed translucent gate.
 12135 | Lair:1   | Found a runed translucent gate.
 12135 | Lair:1   | Found a runed translucent gate.
 12143 | Lair:1   | Noticed Gainor's ghost (novice HuMo)
 13448 | Lair:1   | HP: 4/102 [death yak simulacrum (8)]
 13448 | Lair:1   | Annihilated by a death yak simulacrum

Illustrated notes

Levels and vault maps discovered:
D:1:      psy_arrival_basics, layout_rooms
D:2:      layout_rooms, uniq_robin
D:3:      layout_rooms, ebering_ecumenical_altar_ruins, serial_shops, shop,
          nicolae_shop_window_shopping, nicolae_shop_window_shopping
D:4:      layout_cave_pools
D:5:      layout_rooms, grunt_temple_overflow_diamond, roderic_roman_lattice
D:6:      layout_basic, xom_butterflies, temple_doors_e
D:7:      layout_basic, elyvilon_altar_4, uniq_crazy_yiuf_cottage
D:8:      layout_rooms, uniq_psyche
D:9:      layout_long_grid, uniq_amaemon
D:10:     layout_roguey, mainiacjoe_overflow_brackets, minmay_lair_entry_grove,
          kennysheep_orc_monster_closet_entryway
Temple:   nicolae_temple_elliptical
Lair:1:   layout_chaotic_city, gammafunk_ghost_necromancy, serial_bayou_pond_c,
          chequers_serial_rivers_micro_b

Skill      XL: |  1  2  3  4  5  6  7  8  9 10 11 |
---------------+----------------------------------+-----
Axes           | 2 3 4 5 7 8 9 10 | 10.8
Armour         | 4 5 6 7 8 |  8.2
Fighting       | 4 5 6 7 |  7.9
Shields        | 4 5 6 7 |  7.9
Evocations     | 1 3 4 5 6 |  6.5
Invocations    | 3 5 6 |  6.7
Dodging        | |  0.3

Action                   |  1- 3 |  4- 6 |  7- 9 | 10-12 || total
-------------------------+-------+-------+-------+-------++-------
Melee: War axe           |    93 |   156 |   360 |   616 ||  1225
  Use: Scroll            |       |     9 |     5 |     7 ||    21
       Potion            |       |       |       |     1 ||     1
Armor: Scale mail        |    73 |     5 |       |       ||    78
       Chain mail        |       |   125 |   280 |   501 ||   906
       Skin              |       |       |    22 |       ||    22
Dodge: Dodged            |    62 |    59 |   144 |   237 ||   502
Block: Buckler           |    26 |    42 |   166 |   349 ||   583

Table legend: (Time is in decaauts)
 A = Elapsed time spent in this place.
 B = Non-inter-level travel time spent in this place.
 C = Inter-level travel time spent in this place.
 D = Time resting spent in this place.
 E = Time spent auto-exploring this place.
 F = Levels seen in this place.
 G = Mean time per level.
                   A        B        C        D        E       F      G
               +--------+--------+--------+--------+--------+-----+--------+
         Total |  13666 |  13484 |    182 |   4832 |   5487 |  12 | 1138.8 |
       Dungeon |  12546 |  12364 |    182 |   4832 |   4710 |  10 | 1254.6 |
        Temple |    160 |    160 |      0 |      0 |    105 |   1 |  160.0 |
          Lair |    958 |    958 |      0 |      0 |    672 |   1 |  958.0 |
               +--------+--------+--------+--------+--------+-----+--------+

Top non-repeatable levels by time:
     D:6: 2508 daAuts
    D:10: 2151 daAuts
     D:9: 1490 daAuts
     D:5: 1136 daAuts
     D:8: 1008 daAuts
     D:2: 972 daAuts
  Lair:1: 958 daAuts
     D:7: 930 daAuts
     D:1: 878 daAuts
     D:4: 781 daAuts
     D:3: 688 daAuts
  Temple: 160 daAuts
